[ AOE2 MATCH · #501308216 ]
UnrankedRomans vs Malians
[ REPLAY ANALYSIS · EXTRACTED FROM THE RECORDED GAME ]
Feudal
8:34
Castle
12:04
Imperial
26:09
| APM avg | 62.3 |
| APM peak | 110 |
| eAPM avg | 44.8 |
| Villagers / military | 214 / 213 |
Focus
⚔️ 49.9% · 🌾 50.1%
Scorpion ×107 · Centurion ×54 · Battering Ram ×43 · Monk ×4 · Trade Cart ×4 · Scout Cavalry ×3
Feudal
7:36
Castle
11:06
Imperial
25:43
| APM avg | 50.8 |
| APM peak | 103 |
| eAPM avg | 37.6 |
| Villagers / military | 206 / 422 |
Focus
⚔️ 45.9% · 🌾 54.1%
Gbeto ×289 · Scout Cavalry ×93 · Trade Cart ×26 · Camel Scout ×14 · Bombard Cannon ×14 · Trebuchet (Packed) ×10
Feudal
8:52
Castle
12:22
Imperial
24:21
| APM avg | 23.8 |
| APM peak | 49 |
| eAPM avg | 20.9 |
| Villagers / military | 152 / 285 |
Focus
⚔️ 36.8% · 🌾 63.2%
Ghulam ×141 · Camel Scout ×123 · Scout Cavalry ×17 · Trade Cart ×10 · Trebuchet (Packed) ×4
Feudal
6:17
Castle
12:28
Imperial
26:59
| APM avg | 26.8 |
| APM peak | 61 |
| eAPM avg | 22.5 |
| Villagers / military | 171 / 377 |
Focus
⚔️ 27.2% · 🌾 72.8%
Spearman ×205 · Militia ×155 · Bombard Cannon ×15 · Monk ×2
Feudal
7:05
Castle
13:20
Imperial
27:47
| APM avg | 19.2 |
| APM peak | 45 |
| eAPM avg | 13.6 |
| Villagers / military | 85 / 1 |
Focus
⚔️ 26.3% · 🌾 73.7%
Unknown (1944) ×201 · Monk ×1
Feudal
8:28
Castle
12:15
Imperial
28:33
| APM avg | 47.2 |
| APM peak | 111 |
| eAPM avg | 28.4 |
| Villagers / military | 271 / 187 |
Focus
⚔️ 30.4% · 🌾 69.6%
Cavalry Archer ×168 · Trebuchet (Packed) ×7 · Battering Ram ×6 · Monk ×4 · Spearman ×1 · Skirmisher ×1
Feudal
8:54
Castle
13:48
Imperial
—
| APM avg | 12.9 |
| APM peak | 36 |
| eAPM avg | 7.3 |
| Villagers / military | 117 / 172 |
Focus
⚔️ 26.8% · 🌾 73.2%
Spearman ×172
Feudal
8:42
Castle
13:08
Imperial
29:56
| APM avg | 23.2 |
| APM peak | 42 |
| eAPM avg | 16.4 |
| Villagers / military | 133 / 158 |
Focus
⚔️ 21.0% · 🌾 79.0%
Skirmisher ×110 · Elephant Archer ×36 · Scout Cavalry ×10 · Armored Elephant ×2
Match map
Initial resources + every placement click. Lines = walls · curves = elevation contours. ◆ gold · ⬟ stone · ● berries · ✦ relic · ◌ wall gap
Your base· ✓ Closed at 12:04 · 2t walls · 2 gate(s)
_LY_抖音肥龙's base· ✓ Closed at 11:06 · 3t walls · 5 gate(s)
black empire lao lei's base· ✓ Closed at 12:22 · 0t walls · 3 gate(s)
0'AI's base· ✓ Closed at 12:28 · 0t walls · 2 gate(s)
小伍's base· ✓ Closed at 13:20 · 0t walls · 3 gate(s)
差不多先生's base· ✓ Closed at 12:15 · 1t walls · 3 gate(s)
China`s liu's base· ✓ Closed at 13:48 · 0t walls · 2 gate(s)
一梦千年's base· ✓ Closed at 13:08 · 0t walls · 4 gate(s)
Smoothed initial terrain · ◌ = detected wall gap · hover for details
Inputs per minute
— 快乐的菜鸟 - - _LY_抖音肥龙
Build order — 快乐的菜鸟
First 150 of 651 actions detected
| 0:00 | Queue | Villager (Male) |
| 0:01 | Queue | Villager (Male) |
| 0:06 | Build | Lumber Camp |
| 0:38 | Queue | Villager (Male) |
| 0:38 | Queue | Villager (Male) |
| 1:03 | Queue | Villager (Male) |
| 1:13 | Build | Mill |
| 1:39 | Queue | Villager (Male) |
| 1:40 | Queue | Villager (Male) |
| 1:40 | Queue | Villager (Male) |
| 1:52 | Build | House |
| 2:09 | Queue | Villager (Male) |
| 2:09 | Queue | Villager (Male) |
| 2:25 | Queue | Villager (Male) |
| 2:35 | Build | House |
| 2:47 | Build | Mill |
| 2:50 | Queue | Villager (Male) |
| 2:51 | Queue | Villager (Male) |
| 3:29 | Queue | Villager (Male) |
| 3:29 | Queue | Villager (Male) |
| 3:39 | Queue | Villager (Male) |
| 3:40 | Queue | Villager (Male) |
| 4:01 | Build | House |
| 4:09 | Build | House |
| 4:19 | Queue | Villager (Male) |
| 4:19 | Queue | Villager (Male) |
| 5:46 | Queue | Villager (Male) |
| 6:07 | Build | House |
| 6:10 | Research | Feudal Age |
| 6:20 | Build | House |
| 6:30 | Build | Palisade Wall |
| 6:30 | Build | Palisade Wall |
| 6:34 | Queue | Villager (Male) |
| 7:07 | Build | Farm |
| 7:57 | Queue | Villager (Male) |
| 7:57 | Queue | Villager (Male) |
| 8:18 | Build | Farm |
| 8:34 | Age | Feudal Age |
| 8:37 | Build | Market |
| 8:39 | Build | Blacksmith |
| 8:42 | Research | Double-Bit Axe |
| 8:52 | Build | Farm |
| 9:18 | Research | Horse Collar |
| 9:24 | Research | Castle Age |
| 9:43 | Build | Farm |
| 10:18 | Research | Wheelbarrow |
| 10:31 | Build | Farm |
| 10:59 | Queue | Villager (Male) |
| 12:04 | Age | Castle Age |
| 12:05 | Build | Town Center |
| 12:08 | Build | Town Center |
| 12:10 | Research | Bow Saw |
| 12:15 | Build | House |
| 12:29 | Build | Monastery |
| 13:01 | Queue | Villager (Male) |
| 13:15 | Queue | Villager (Male) |
| 13:21 | Queue | Villager (Male) |
| 13:23 | Build | Farm |
| 13:24 | Build | Farm |
| 13:25 | Build | Farm |
| 13:25 | Build | Farm |
| 13:32 | Queue | Villager (Male) |
| 13:33 | Queue | Villager (Male) |
| 13:43 | Queue | Villager (Male) |
| 13:46 | Build | Farm |
| 13:47 | Queue | Villager (Male) |
| 13:49 | Build | Farm |
| 13:54 | Build | Farm |
| 14:10 | Queue | Villager (Male) |
| 14:10 | Queue | Villager (Male) |
| 14:13 | Build | Farm |
| 14:18 | Queue | Villager (Male) |
| 14:18 | Queue | Villager (Male) |
| 14:28 | Build | Farm |
| 14:33 | Queue | Monk |
| 14:38 | Queue | Villager (Male) |
| 14:38 | Queue | Villager (Male) |
| 14:39 | Build | Farm |
| 14:46 | Queue | Villager (Male) |
| 14:46 | Queue | Villager (Male) |
| 15:00 | Queue | Villager (Male) |
| 15:00 | Queue | Villager (Male) |
| 15:13 | Build | Town Center |
| 15:14 | Queue | Villager (Male) |
| 15:14 | Queue | Villager (Male) |
| 15:15 | Queue | Villager (Male) |
| 15:29 | Build | Farm |
| 15:33 | Queue | Villager (Male) |
| 15:33 | Queue | Villager (Male) |
| 15:36 | Build | House |
| 15:37 | Queue | Villager (Male) |
| 15:39 | Queue | Monk |
| 15:43 | Queue | Villager (Male) |
| 15:49 | Queue | Villager (Male) |
| 16:01 | Build | Farm |
| 16:06 | Build | Farm |
| 16:07 | Queue | Villager (Male) |
| 16:08 | Queue | Villager (Male) |
| 16:10 | Build | House |
| 16:15 | Queue | Monk |
| 16:17 | Queue | Villager (Male) |
| 16:17 | Queue | Villager (Male) |
| 16:18 | Build | Farm |
| 16:29 | Queue | Villager (Male) |
| 16:29 | Queue | Villager (Male) |
| 16:34 | Queue | Villager (Male) |
| 16:39 | Build | Farm |
| 16:40 | Queue | Villager (Male) |
| 16:44 | Queue | Villager (Male) |
| 16:45 | Build | Farm |
| 16:47 | Queue | Villager (Male) |
| 16:50 | Build | House |
| 16:54 | Queue | Villager (Male) |
| 16:57 | Build | Farm |
| 16:59 | Queue | Villager (Male) |
| 17:03 | Queue | Villager (Male) |
| 17:05 | Build | Farm |
| 17:20 | Queue | Villager (Male) |
| 17:20 | Queue | Villager (Male) |
| 17:23 | Build | House |
| 17:24 | Queue | Villager (Male) |
| 17:43 | Build | Town Center |
| 17:46 | Queue | Villager (Male) |
| 17:46 | Queue | Villager (Male) |
| 17:47 | Queue | Villager (Male) |
| 17:48 | Queue | Villager (Male) |
| 17:51 | Queue | Villager (Male) |
| 17:55 | Build | Farm |
| 18:05 | Queue | Villager (Male) |
| 18:05 | Queue | Villager (Male) |
| 18:06 | Build | House |
| 18:09 | Build | House |
| 18:13 | Queue | Villager (Male) |
| 18:15 | Build | Farm |
| 18:19 | Build | Farm |
| 18:20 | Queue | Villager (Male) |
| 18:28 | Queue | Villager (Male) |
| 18:28 | Queue | Villager (Male) |
| 18:28 | Queue | Villager (Male) |
| 18:33 | Queue | Villager (Male) |
| 18:33 | Queue | Villager (Male) |
| 18:35 | Build | Farm |
| 18:37 | Build | Farm |
| 18:42 | Queue | Villager (Male) |
| 18:42 | Queue | Villager (Male) |
| 18:49 | Queue | Villager (Male) |
| 18:50 | Build | Farm |
| 18:57 | Queue | Villager (Male) |
| 18:57 | Queue | Villager (Male) |
| 18:58 | Queue | Villager (Male) |
Build order — _LY_抖音肥龙
First 150 of 929 actions detected
| 0:01 | Queue | Villager (Male) |
| 0:01 | Queue | Villager (Male) |
| 0:12 | Build | Lumber Camp |
| 0:40 | Queue | Villager (Male) |
| 0:42 | Build | Palisade Gate |
| 0:47 | Build | Palisade Wall |
| 0:51 | Build | Palisade Wall |
| 0:54 | Build | Palisade Gate |
| 0:59 | Queue | Villager (Male) |
| 1:03 | Build | Palisade Wall |
| 1:20 | Build | House |
| 1:25 | Queue | Villager (Male) |
| 1:46 | Queue | Villager (Male) |
| 2:13 | Queue | Villager (Male) |
| 2:45 | Queue | Villager (Male) |
| 2:56 | Queue | Villager (Male) |
| 3:08 | Build | House |
| 3:09 | Build | House |
| 3:18 | Queue | Villager (Male) |
| 3:42 | Queue | Villager (Male) |
| 4:13 | Queue | Villager (Male) |
| 4:21 | Build | Mill |
| 4:48 | Queue | Villager (Male) |
| 5:21 | Research | Feudal Age |
| 5:28 | Build | Farm |
| 6:47 | Queue | Villager (Male) |
| 7:36 | Age | Feudal Age |
| 7:37 | Build | Market |
| 7:39 | Build | Blacksmith |
| 7:41 | Queue | Villager (Male) |
| 8:22 | Build | Lumber Camp |
| 8:24 | Research | Castle Age |
| 8:45 | Research | Double-Bit Axe |
| 9:17 | Research | Horse Collar |
| 9:23 | Build | Farm |
| 9:30 | Build | House |
| 9:54 | Queue | Villager (Male) |
| 11:06 | Age | Castle Age |
| 11:08 | Build | Town Center |
| 11:09 | Queue | Villager (Male) |
| 11:11 | Build | Town Center |
| 11:12 | Research | Bow Saw |
| 11:22 | Build | Farm |
| 11:25 | Build | Farm |
| 11:33 | Queue | Villager (Male) |
| 11:51 | Build | Farm |
| 11:58 | Build | Farm |
| 11:59 | Queue | Villager (Male) |
| 12:20 | Build | Farm |
| 12:21 | Queue | Villager (Male) |
| 12:23 | Build | Farm |
| 12:25 | Build | Farm |
| 12:26 | Queue | Villager (Male) |
| 12:35 | Queue | Villager (Male) |
| 12:38 | Build | Farm |
| 12:46 | Queue | Villager (Male) |
| 12:48 | Build | Farm |
| 12:57 | Build | Farm |
| 13:08 | Build | Farm |
| 13:10 | Queue | Villager (Male) |
| 13:14 | Build | Farm |
| 13:16 | Queue | Villager (Male) |
| 13:25 | Build | Farm |
| 13:33 | Queue | Villager (Male) |
| 13:33 | Queue | Villager (Male) |
| 13:37 | Build | Farm |
| 13:39 | Queue | Villager (Male) |
| 13:45 | Build | Farm |
| 13:49 | Queue | Villager (Male) |
| 13:56 | Build | Farm |
| 14:03 | Queue | Villager (Male) |
| 14:05 | Build | Farm |
| 14:09 | Queue | Villager (Male) |
| 14:11 | Build | Farm |
| 14:18 | Build | House |
| 14:19 | Queue | Villager (Male) |
| 14:33 | Queue | Villager (Male) |
| 14:36 | Queue | Villager (Male) |
| 14:42 | Queue | Villager (Male) |
| 14:56 | Build | Town Center |
| 14:56 | Queue | Villager (Male) |
| 14:57 | Build | House |
| 15:01 | Queue | Villager (Male) |
| 15:07 | Queue | Villager (Male) |
| 15:09 | Build | Farm |
| 15:12 | Queue | Villager (Male) |
| 15:13 | Build | Farm |
| 15:15 | Build | Farm |
| 15:23 | Queue | Villager (Male) |
| 15:29 | Queue | Villager (Male) |
| 15:32 | Build | House |
| 15:37 | Queue | Villager (Male) |
| 15:41 | Build | Farm |
| 15:44 | Build | Farm |
| 15:46 | Queue | Villager (Male) |
| 15:56 | Queue | Villager (Male) |
| 15:56 | Queue | Villager (Male) |
| 16:01 | Queue | Villager (Male) |
| 16:05 | Queue | Villager (Male) |
| 16:12 | Queue | Villager (Male) |
| 16:20 | Build | Mill |
| 16:23 | Queue | Villager (Male) |
| 16:25 | Build | Monastery |
| 16:26 | Queue | Villager (Male) |
| 16:29 | Queue | Villager (Male) |
| 16:31 | Build | Farm |
| 16:34 | Queue | Villager (Male) |
| 16:41 | Queue | Villager (Male) |
| 16:48 | Build | Town Center |
| 16:49 | Queue | Villager (Male) |
| 16:56 | Queue | Villager (Male) |
| 16:59 | Build | Farm |
| 17:01 | Build | Farm |
| 17:06 | Queue | Villager (Male) |
| 17:11 | Queue | Villager (Male) |
| 17:12 | Build | House |
| 17:16 | Queue | Villager (Male) |
| 17:22 | Queue | Monk |
| 17:28 | Build | Farm |
| 17:31 | Build | Farm |
| 17:33 | Research | Wheelbarrow |
| 17:36 | Build | Farm |
| 17:41 | Build | House |
| 17:42 | Queue | Villager (Male) |
| 17:45 | Queue | Villager (Male) |
| 17:46 | Build | Farm |
| 17:51 | Queue | Villager (Male) |
| 17:55 | Queue | Villager (Male) |
| 17:57 | Build | Farm |
| 17:58 | Build | Farm |
| 18:01 | Build | Farm |
| 18:03 | Queue | Villager (Male) |
| 18:04 | Queue | Villager (Male) |
| 18:12 | Queue | Villager (Male) |
| 18:18 | Build | Farm |
| 18:20 | Build | House |
| 18:21 | Queue | Villager (Male) |
| 18:23 | Queue | Villager (Male) |
| 18:27 | Build | Farm |
| 18:28 | Queue | Villager (Male) |
| 18:28 | Queue | Villager (Male) |
| 18:35 | Queue | Villager (Male) |
| 18:40 | Queue | Villager (Male) |
| 18:42 | Queue | Monk |
| 18:46 | Queue | Villager (Male) |
| 18:49 | Queue | Villager (Male) |
| 18:56 | Build | Farm |
| 18:56 | Queue | Villager (Male) |
| 18:58 | Build | House |
| 19:06 | Queue | Villager (Male) |
Build order — black empire lao lei
First 150 of 627 actions detected
| 0:02 | Queue | Villager (Male) |
| 0:02 | Queue | Villager (Male) |
| 0:02 | Queue | Villager (Male) |
| 0:09 | Build | Lumber Camp |
| 0:35 | Build | House |
| 0:37 | Build | House |
| 0:39 | Queue | Villager (Male) |
| 0:39 | Queue | Villager (Male) |
| 0:39 | Queue | Villager (Male) |
| 1:08 | Queue | Villager (Male) |
| 1:30 | Queue | Villager (Male) |
| 1:30 | Queue | Villager (Male) |
| 1:39 | Build | House |
| 2:13 | Queue | Villager (Male) |
| 2:13 | Queue | Villager (Male) |
| 2:34 | Build | Mill |
| 3:16 | Queue | Villager (Male) |
| 3:16 | Queue | Villager (Male) |
| 3:16 | Queue | Villager (Male) |
| 3:16 | Queue | Villager (Male) |
| 3:31 | Queue | Villager (Male) |
| 3:31 | Queue | Villager (Male) |
| 4:03 | Queue | Villager (Male) |
| 4:22 | Queue | Villager (Male) |
| 4:23 | Queue | Villager (Male) |
| 5:40 | Research | Feudal Age |
| 5:45 | Queue | Villager (Male) |
| 5:46 | Research | Feudal Age |
| 7:39 | Build | Lumber Camp |
| 7:48 | Queue | Villager (Male) |
| 7:48 | Queue | Villager (Male) |
| 8:52 | Age | Feudal Age |
| 8:56 | Build | Market |
| 9:01 | Build | Blacksmith |
| 9:08 | Research | Double-Bit Axe |
| 9:19 | Research | Horse Collar |
| 9:40 | Research | Castle Age |
| 9:40 | Research | Castle Age |
| 9:48 | Build | House |
| 10:03 | Build | Farm |
| 10:27 | Build | Farm |
| 10:30 | Build | House |
| 10:52 | Build | Farm |
| 10:59 | Build | House |
| 11:05 | Build | Farm |
| 11:36 | Build | House |
| 12:20 | Queue | Villager (Male) |
| 12:20 | Queue | Villager (Male) |
| 12:22 | Age | Castle Age |
| 12:25 | Build | Town Center |
| 12:31 | Build | Town Center |
| 12:37 | Research | Bow Saw |
| 12:39 | Research | Heavy Plow |
| 12:54 | Build | Farm |
| 13:00 | Build | Farm |
| 13:02 | Queue | Villager (Male) |
| 13:23 | Queue | Villager (Male) |
| 13:34 | Queue | Villager (Male) |
| 13:39 | Build | Farm |
| 13:40 | Build | Farm |
| 13:41 | Build | Farm |
| 13:45 | Build | Farm |
| 13:46 | Build | Farm |
| 13:47 | Build | Farm |
| 13:53 | Build | Farm |
| 13:57 | Build | House |
| 13:58 | Queue | Villager (Male) |
| 13:59 | Queue | Villager (Male) |
| 13:59 | Queue | Villager (Male) |
| 14:00 | Queue | Villager (Male) |
| 14:00 | Queue | Villager (Male) |
| 14:20 | Queue | Villager (Male) |
| 14:21 | Queue | Villager (Male) |
| 14:33 | Queue | Villager (Male) |
| 14:33 | Queue | Villager (Male) |
| 14:39 | Build | Farm |
| 14:39 | Build | Farm |
| 14:40 | Build | Farm |
| 14:40 | Build | Farm |
| 14:40 | Build | Farm |
| 14:41 | Build | Farm |
| 14:49 | Build | Farm |
| 14:50 | Queue | Villager (Male) |
| 14:51 | Queue | Villager (Male) |
| 14:53 | Build | House |
| 14:58 | Queue | Villager (Male) |
| 15:03 | Queue | Villager (Male) |
| 15:16 | Build | Town Center |
| 15:18 | Queue | Villager (Male) |
| 15:18 | Queue | Villager (Male) |
| 15:26 | Build | House |
| 15:31 | Queue | Villager (Male) |
| 15:39 | Build | Farm |
| 15:40 | Build | Farm |
| 15:43 | Build | Farm |
| 15:46 | Queue | Villager (Male) |
| 15:46 | Queue | Villager (Male) |
| 15:59 | Queue | Villager (Male) |
| 16:00 | Queue | Villager (Male) |
| 16:06 | Build | Farm |
| 16:07 | Build | Farm |
| 16:08 | Build | Farm |
| 16:09 | Build | Farm |
| 16:10 | Build | Farm |
| 16:13 | Queue | Villager (Male) |
| 16:13 | Queue | Villager (Male) |
| 16:18 | Build | Farm |
| 16:19 | Queue | Villager (Male) |
| 16:19 | Queue | Villager (Male) |
| 16:27 | Queue | Villager (Male) |
| 16:32 | Build | House |
| 16:47 | Build | Mining Camp |
| 16:51 | Queue | Villager (Male) |
| 16:51 | Queue | Villager (Male) |
| 17:02 | Build | Farm |
| 17:03 | Build | Farm |
| 17:04 | Build | Farm |
| 17:05 | Build | Farm |
| 17:06 | Build | Farm |
| 17:07 | Build | Farm |
| 17:08 | Queue | Villager (Male) |
| 17:08 | Queue | Villager (Male) |
| 17:09 | Queue | Villager (Male) |
| 17:24 | Queue | Villager (Male) |
| 17:25 | Queue | Villager (Male) |
| 17:31 | Build | Monastery |
| 17:33 | Queue | Villager (Male) |
| 17:33 | Queue | Villager (Male) |
| 17:36 | Queue | Villager (Male) |
| 17:36 | Queue | Villager (Male) |
| 17:52 | Research | Wheelbarrow |
| 17:53 | Research | Loom |
| 18:07 | Build | Farm |
| 18:10 | Build | Farm |
| 18:15 | Build | Farm |
| 18:31 | Build | University |
| 18:32 | Queue | Villager (Male) |
| 18:32 | Queue | Villager (Male) |
| 18:56 | Build | Town Center |
| 18:58 | Queue | Villager (Male) |
| 18:58 | Queue | Villager (Male) |
| 19:05 | Build | Farm |
| 19:08 | Build | Farm |
| 19:09 | Build | Farm |
| 19:11 | Queue | Villager (Male) |
| 19:11 | Queue | Villager (Male) |
| 19:23 | Build | House |
| 19:29 | Queue | Villager (Male) |
| 19:30 | Queue | Villager (Male) |
| 19:30 | Queue | Villager (Male) |
Build order — 0'AI
First 150 of 462 actions detected
| 0:15 | Queue | Villager (Male) ×2 |
| 0:45 | Build | Lumber Camp |
| 1:05 | Queue | Villager (Male) |
| 1:20 | Build | House |
| 1:29 | Build | House |
| 1:31 | Build | House |
| 1:35 | Queue | Villager (Male) |
| 1:35 | Queue | Villager (Male) |
| 2:26 | Queue | Villager (Male) |
| 2:28 | Queue | Villager (Male) |
| 3:08 | Queue | Villager (Male) |
| 3:38 | Queue | Villager (Male) |
| 3:47 | Build | Mill |
| 3:55 | Queue | Villager (Male) |
| 4:07 | Research | Feudal Age |
| 4:07 | Research | Feudal Age |
| 5:18 | Queue | Villager (Male) |
| 5:33 | Queue | Villager (Male) |
| 5:48 | Queue | Villager (Male) |
| 6:01 | Queue | Villager (Male) |
| 6:17 | Age | Feudal Age |
| 6:24 | Build | Mill |
| 6:45 | Build | Market |
| 6:50 | Build | Blacksmith |
| 6:52 | Queue | Villager (Male) |
| 7:13 | Queue | Villager (Male) |
| 7:16 | Research | Double-Bit Axe |
| 7:17 | Research | Horse Collar |
| 7:36 | Build | House |
| 7:37 | Build | House |
| 7:39 | Queue | Villager (Male) |
| 8:11 | Build | Mining Camp |
| 8:55 | Queue | Villager (Male) |
| 9:48 | Research | Castle Age |
| 9:48 | Research | Castle Age |
| 9:52 | Build | Farm |
| 9:57 | Build | Farm |
| 10:17 | Build | Lumber Camp |
| 10:53 | Build | Farm |
| 10:55 | Build | Farm |
| 11:35 | Queue | Villager (Male) |
| 12:11 | Build | Mining Camp |
| 12:28 | Age | Castle Age |
| 12:31 | Build | Farm |
| 12:35 | Build | Farm |
| 12:36 | Build | Farm |
| 12:38 | Queue | Villager (Male) |
| 12:53 | Build | Farm |
| 12:54 | Build | Farm |
| 13:15 | Build | Town Center |
| 13:20 | Queue | Villager (Male) ×5 |
| 13:37 | Build | Town Center |
| 13:45 | Queue | Villager (Male) |
| 14:06 | Build | Farm |
| 14:07 | Build | Farm |
| 14:15 | Queue | Villager (Male) |
| 14:20 | Research | Bow Saw |
| 14:21 | Research | Bow Saw |
| 14:45 | Research | Heavy Plow |
| 14:54 | Queue | Villager (Male) ×5 |
| 15:03 | Research | Wheelbarrow |
| 15:03 | Research | Wheelbarrow |
| 15:29 | Build | Farm |
| 15:31 | Build | Farm |
| 15:33 | Queue | Villager (Male) |
| 15:33 | Queue | Villager (Male) |
| 15:33 | Queue | Villager (Male) |
| 15:34 | Queue | Villager (Male) |
| 15:53 | Build | Farm |
| 15:55 | Build | Farm |
| 15:58 | Build | Farm |
| 15:59 | Build | Farm |
| 16:00 | Build | Farm |
| 16:02 | Queue | Villager (Male) |
| 16:04 | Queue | Villager (Male) |
| 16:11 | Build | Monastery |
| 16:13 | Queue | Villager (Male) |
| 16:28 | Build | Farm |
| 16:34 | Build | Farm |
| 16:37 | Build | Farm |
| 16:38 | Queue | Villager (Male) |
| 16:38 | Queue | Villager (Male) |
| 16:38 | Queue | Villager (Male) |
| 16:43 | Build | Farm |
| 16:54 | Build | Mill |
| 16:55 | Queue | Villager (Male) |
| 16:55 | Queue | Villager (Male) |
| 16:59 | Build | House |
| 17:00 | Build | House |
| 17:01 | Queue | Monk |
| 17:17 | Build | Farm |
| 17:18 | Build | Farm |
| 17:20 | Build | Farm |
| 17:21 | Queue | Villager (Male) |
| 17:21 | Queue | Villager (Male) |
| 17:21 | Queue | Villager (Male) |
| 17:22 | Queue | Villager (Male) |
| 17:31 | Build | House |
| 17:33 | Build | House |
| 17:35 | Build | House |
| 17:36 | Queue | Villager (Male) |
| 17:38 | Queue | Villager (Male) |
| 17:38 | Queue | Villager (Male) |
| 17:49 | Build | Farm |
| 17:50 | Build | Farm |
| 17:51 | Build | Farm |
| 17:54 | Build | Farm |
| 17:57 | Build | Farm |
| 18:01 | Build | Farm |
| 18:02 | Build | Farm |
| 18:03 | Build | Farm |
| 18:05 | Queue | Villager (Male) |
| 18:05 | Queue | Villager (Male) |
| 18:05 | Queue | Villager (Male) |
| 18:06 | Queue | Villager (Male) |
| 18:45 | Build | House |
| 18:50 | Queue | Villager (Male) |
| 18:51 | Queue | Villager (Male) |
| 18:51 | Queue | Villager (Male) |
| 18:51 | Queue | Villager (Male) |
| 18:59 | Build | Town Center |
| 19:01 | Build | Farm |
| 19:03 | Build | Farm |
| 19:10 | Build | Farm |
| 19:12 | Build | Farm |
| 19:14 | Build | Farm |
| 19:15 | Queue | Villager (Male) |
| 19:15 | Queue | Villager (Male) |
| 19:16 | Queue | Villager (Male) |
| 19:58 | Build | Town Center |
| 20:09 | Research | Gold Mining |
| 20:10 | Research | Stone Mining |
| 20:19 | Queue | Monk |
| 20:26 | Queue | Villager (Male) |
| 20:27 | Queue | Villager (Male) |
| 20:28 | Queue | Villager (Male) |
| 20:29 | Queue | Villager (Male) |
| 20:30 | Queue | Villager (Male) |
| 20:30 | Queue | Villager (Male) |
| 20:33 | Queue | Villager (Male) |
| 20:34 | Queue | Villager (Male) |
| 20:34 | Queue | Villager (Male) |
| 20:34 | Queue | Villager (Male) |
| 20:35 | Queue | Villager (Male) |
| 20:46 | Queue | Villager (Male) |
| 20:46 | Queue | Villager (Male) |
| 20:58 | Build | Mill |
| 21:04 | Build | Farm |
| 21:06 | Build | Farm |
| 21:07 | Build | Farm |
Build order — 小伍
First 150 of 345 actions detected
| 0:06 | Queue | Villager (Male) |
| 0:07 | Queue | Villager (Male) |
| 0:13 | Build | Lumber Camp |
| 0:51 | Build | Mill |
| 0:54 | Queue | Villager (Male) |
| 0:56 | Queue | Villager (Male) |
| 0:56 | Queue | Villager (Male) |
| 1:16 | Queue | Villager (Male) |
| 1:16 | Queue | Villager (Male) |
| 1:50 | Queue | Villager (Male) |
| 1:51 | Queue | Villager (Male) |
| 2:24 | Build | House |
| 3:15 | Queue | Villager (Male) |
| 3:16 | Queue | Villager (Male) |
| 4:14 | Queue | Villager (Male) |
| 4:25 | Build | House |
| 4:48 | Research | Feudal Age |
| 5:23 | Queue | Villager (Male) |
| 5:23 | Queue | Villager (Male) |
| 5:56 | Build | Barracks |
| 6:06 | Build | Barracks |
| 6:18 | Queue | Villager (Male) |
| 6:21 | Research | Loom |
| 6:23 | Queue | Villager (Male) |
| 7:05 | Age | Feudal Age |
| 7:11 | Build | House |
| 7:34 | Build | Mining Camp |
| 7:39 | Queue | Villager (Male) |
| 7:56 | Build | Market |
| 8:07 | Build | Farm |
| 8:09 | Build | Farm |
| 8:28 | Build | Blacksmith |
| 8:52 | Build | Farm |
| 8:55 | Build | Farm |
| 8:59 | Build | Farm |
| 9:08 | Research | Double-Bit Axe |
| 9:18 | Build | Farm |
| 9:34 | Build | Farm |
| 9:39 | Build | Farm |
| 10:15 | Build | Farm |
| 10:22 | Build | Farm |
| 10:40 | Research | Castle Age |
| 10:40 | Research | Castle Age |
| 11:16 | Queue | Villager (Male) |
| 11:16 | Queue | Villager (Male) |
| 11:21 | Build | House |
| 11:42 | Queue | Villager (Male) |
| 12:01 | Build | House |
| 12:07 | Build | Farm |
| 12:09 | Build | Farm |
| 12:10 | Research | Horse Collar |
| 12:45 | Build | Stable |
| 13:20 | Age | Castle Age |
| 13:27 | Research | Bow Saw |
| 13:29 | Queue | Villager (Male) |
| 13:33 | Queue | Villager (Male) |
| 13:58 | Research | Bloodlines |
| 14:03 | Build | Town Center |
| 14:21 | Research | Gold Mining |
| 14:34 | Research | Stone Mining |
| 14:38 | Queue | Villager (Male) |
| 14:38 | Queue | Villager (Male) |
| 15:20 | Build | Blacksmith |
| 15:25 | Build | Monastery |
| 15:33 | Queue | Villager (Male) |
| 15:33 | Queue | Villager (Male) |
| 15:33 | Queue | Villager (Male) |
| 15:54 | Queue | Monk |
| 16:01 | Queue | Villager (Male) |
| 16:08 | Research | Husbandry |
| 16:19 | Queue | Villager (Male) |
| 16:21 | Queue | Villager (Male) |
| 16:22 | Queue | Villager (Male) |
| 16:38 | Build | Town Center |
| 16:53 | Build | Town Center |
| 17:02 | Build | University |
| 17:15 | Build | House |
| 17:17 | Build | House |
| 17:18 | Build | House |
| 17:22 | Research | Wheelbarrow |
| 17:23 | Research | Town Watch |
| 17:26 | Queue | Villager (Male) |
| 17:47 | Build | Farm |
| 17:48 | Build | Farm |
| 17:48 | Build | Farm |
| 17:49 | Build | Farm |
| 18:02 | Research | Heavy Plow |
| 18:19 | Queue | Villager (Male) |
| 18:32 | Build | Farm |
| 18:32 | Build | Farm |
| 18:35 | Build | Farm |
| 18:41 | Build | House |
| 18:45 | Queue | Villager (Male) |
| 18:45 | Queue | Villager (Male) |
| 18:50 | Queue | Villager (Male) |
| 18:51 | Queue | Villager (Male) |
| 18:58 | Queue | Villager (Male) |
| 19:05 | Build | Farm |
| 19:10 | Build | Farm |
| 19:17 | Build | House |
| 19:22 | Queue | Villager (Male) |
| 19:37 | Build | Farm |
| 19:45 | Research | Forging |
| 19:47 | Research | Scale Barding Armor |
| 19:55 | Build | House |
| 20:06 | Queue | Villager (Male) |
| 20:08 | Queue | Villager (Male) |
| 20:09 | Queue | Villager (Male) |
| 20:22 | Build | Farm |
| 20:22 | Build | Farm |
| 20:23 | Build | Farm |
| 20:23 | Build | Farm |
| 20:24 | Build | Farm |
| 20:30 | Queue | Villager (Male) |
| 20:34 | Build | Lumber Camp |
| 20:40 | Build | Farm |
| 20:43 | Build | House |
| 20:51 | Build | Stable |
| 21:00 | Research | Iron Casting |
| 21:06 | Research | Gold Shaft Mining |
| 21:09 | Queue | Villager (Male) |
| 21:10 | Queue | Villager (Male) |
| 21:11 | Queue | Villager (Male) |
| 21:29 | Build | House |
| 21:40 | Queue | Villager (Male) |
| 21:41 | Queue | Villager (Male) |
| 21:47 | Build | Farm |
| 22:00 | Build | Stable |
| 22:06 | Build | House |
| 22:26 | Queue | Unit 1944 |
| 22:27 | Queue | Unit 1944 |
| 22:30 | Build | Farm |
| 22:33 | Research | Hand Cart |
| 22:35 | Queue | Villager (Male) |
| 22:36 | Queue | Villager (Male) |
| 22:36 | Queue | Villager (Male) |
| 22:38 | Queue | Villager (Male) |
| 22:41 | Build | House |
| 22:46 | Build | Farm |
| 22:46 | Build | Farm |
| 22:46 | Build | Farm |
| 22:47 | Build | Farm |
| 22:47 | Build | Farm |
| 22:47 | Build | Farm |
| 22:55 | Build | Farm |
| 23:02 | Queue | Villager (Male) |
| 23:09 | Build | Farm |
| 23:11 | Build | Farm |
| 23:23 | Research | Stone Shaft Mining |
| 23:32 | Build | Farm |
Build order — 差不多先生
First 150 of 700 actions detected
| 0:01 | Queue | Villager (Male) |
| 0:01 | Queue | Villager (Male) |
| 0:01 | Queue | Villager (Male) |
| 0:05 | Build | Lumber Camp |
| 0:37 | Queue | Villager (Male) |
| 0:46 | Build | House |
| 0:47 | Build | House |
| 1:09 | Queue | Villager (Male) |
| 1:09 | Queue | Villager (Male) |
| 1:43 | Queue | Villager (Male) |
| 1:44 | Queue | Villager (Male) |
| 1:44 | Queue | Villager (Male) |
| 1:45 | Queue | Villager (Male) |
| 2:15 | Queue | Villager (Male) |
| 2:15 | Queue | Villager (Male) |
| 2:16 | Queue | Villager (Male) |
| 2:18 | Build | Mill |
| 2:31 | Queue | Villager (Male) |
| 2:31 | Queue | Villager (Male) |
| 3:13 | Queue | Villager (Male) |
| 3:13 | Queue | Villager (Male) |
| 3:14 | Queue | Villager (Male) |
| 3:14 | Queue | Villager (Male) |
| 3:14 | Queue | Villager (Male) |
| 3:17 | Queue | Villager (Male) |
| 3:18 | Queue | Villager (Male) |
| 3:39 | Queue | Villager (Male) |
| 3:50 | Build | House |
| 4:01 | Build | Palisade Wall |
| 4:04 | Queue | Villager (Male) |
| 4:27 | Queue | Villager (Male) |
| 4:27 | Queue | Villager (Male) |
| 4:27 | Queue | Villager (Male) |
| 5:19 | Queue | Villager (Male) |
| 5:19 | Queue | Villager (Male) |
| 6:01 | Research | Feudal Age |
| 6:02 | Queue | Villager (Male) |
| 6:02 | Queue | Villager (Male) |
| 6:05 | Build | House |
| 6:37 | Build | Mill |
| 6:41 | Queue | Villager (Male) |
| 7:30 | Queue | Villager (Male) |
| 8:28 | Age | Feudal Age |
| 8:41 | Build | Market |
| 8:44 | Build | Blacksmith |
| 8:51 | Build | Blacksmith |
| 9:35 | Research | Castle Age |
| 10:04 | Build | Lumber Camp |
| 10:16 | Research | Horse Collar |
| 10:16 | Research | Horse Collar |
| 10:47 | Build | Farm |
| 10:48 | Build | Farm |
| 10:57 | Build | Farm |
| 10:58 | Build | Farm |
| 11:10 | Build | Farm |
| 11:10 | Build | Farm |
| 11:10 | Build | Farm |
| 11:11 | Build | Farm |
| 11:11 | Build | Farm |
| 11:23 | Build | House |
| 11:25 | Research | Double-Bit Axe |
| 11:27 | Queue | Villager (Male) |
| 12:15 | Age | Castle Age |
| 12:25 | Build | Town Center |
| 12:30 | Build | Monastery |
| 12:32 | Queue | Villager (Male) |
| 12:37 | Build | House |
| 12:45 | Research | Heavy Plow |
| 12:47 | Build | Farm |
| 13:00 | Queue | Villager (Male) |
| 13:17 | Build | Mining Camp |
| 13:18 | Queue | Villager (Male) |
| 13:22 | Build | House |
| 13:26 | Queue | Villager (Male) |
| 13:36 | Build | Farm |
| 13:37 | Build | Farm |
| 13:38 | Queue | Villager (Male) |
| 13:50 | Queue | Villager (Male) |
| 13:56 | Build | House |
| 14:11 | Queue | Villager (Male) |
| 14:23 | Queue | Villager (Male) |
| 14:23 | Queue | Villager (Male) |
| 14:26 | Build | Farm |
| 14:33 | Build | House |
| 14:45 | Build | Town Center |
| 14:47 | Queue | Villager (Male) |
| 14:47 | Queue | Villager (Male) |
| 14:55 | Build | House |
| 14:56 | Queue | Villager (Male) |
| 15:03 | Queue | Monk |
| 15:03 | Queue | Monk |
| 15:04 | Queue | Monk |
| 15:12 | Queue | Villager (Male) |
| 15:12 | Queue | Villager (Male) |
| 15:13 | Queue | Villager (Male) |
| 15:13 | Queue | Villager (Male) |
| 15:21 | Build | Farm |
| 15:24 | Queue | Villager (Male) |
| 15:28 | Build | Farm |
| 15:29 | Build | Farm |
| 15:33 | Queue | Villager (Male) |
| 15:47 | Queue | Villager (Male) |
| 15:47 | Queue | Villager (Male) |
| 15:53 | Queue | Villager (Male) |
| 15:53 | Queue | Villager (Male) |
| 15:58 | Build | Farm |
| 16:06 | Build | House |
| 16:10 | Build | Farm |
| 16:15 | Build | Farm |
| 16:16 | Queue | Villager (Male) |
| 16:16 | Queue | Villager (Male) |
| 16:16 | Queue | Villager (Male) |
| 16:31 | Queue | Monk |
| 16:44 | Queue | Villager (Male) |
| 16:44 | Queue | Villager (Male) |
| 16:44 | Queue | Villager (Male) |
| 16:57 | Build | Farm |
| 17:00 | Build | Farm |
| 17:02 | Queue | Villager (Male) |
| 17:02 | Queue | Villager (Male) |
| 17:03 | Queue | Villager (Male) |
| 17:06 | Build | House |
| 17:14 | Queue | Villager (Male) |
| 17:15 | Queue | Villager (Male) |
| 17:31 | Build | Town Center |
| 17:35 | Build | House |
| 17:36 | Queue | Villager (Male) |
| 17:37 | Queue | Villager (Male) |
| 17:37 | Queue | Villager (Male) |
| 17:41 | Build | Farm |
| 17:42 | Build | Farm |
| 17:42 | Build | Farm |
| 17:42 | Build | Farm |
| 17:42 | Build | Farm |
| 17:43 | Build | Farm |
| 17:50 | Queue | Villager (Male) |
| 17:51 | Queue | Villager (Male) |
| 17:56 | Build | Farm |
| 17:57 | Build | Farm |
| 17:58 | Queue | Villager (Male) |
| 17:59 | Queue | Villager (Male) |
| 17:59 | Queue | Villager (Male) |
| 18:05 | Build | Farm |
| 18:06 | Queue | Villager (Male) |
| 18:07 | Queue | Villager (Male) |
| 18:07 | Queue | Villager (Male) |
| 18:08 | Queue | Villager (Male) |
| 18:11 | Build | House |
| 18:29 | Build | Barracks |
| 18:30 | Queue | Villager (Male) |
Build order — China`s liu
First 150 of 203 actions detected
| 0:12 | Build | House |
| 0:13 | Build | House |
| 1:05 | Build | Lumber Camp |
| 1:57 | Queue | Villager (Male) |
| 1:57 | Queue | Villager (Male) |
| 2:30 | Build | Mill |
| 2:40 | Queue | Villager (Male) |
| 2:40 | Queue | Villager (Male) |
| 3:12 | Queue | Villager (Male) |
| 3:12 | Queue | Villager (Male) |
| 3:12 | Queue | Villager (Male) |
| 3:42 | Queue | Villager (Male) |
| 3:42 | Queue | Villager (Male) |
| 3:42 | Queue | Villager (Male) |
| 4:08 | Build | Mining Camp |
| 4:35 | Build | Mining Camp |
| 4:47 | Queue | Villager (Male) |
| 4:48 | Queue | Villager (Male) |
| 5:58 | Queue | Villager (Male) |
| 6:44 | Research | Feudal Age |
| 8:45 | Build | Farm |
| 8:47 | Build | Farm |
| 8:48 | Build | Farm |
| 8:54 | Age | Feudal Age |
| 9:06 | Build | Farm |
| 9:17 | Build | Market |
| 9:24 | Build | Blacksmith |
| 9:40 | Queue | Villager (Male) |
| 10:21 | Queue | Villager (Male) |
| 10:59 | Build | Lumber Camp |
| 11:08 | Research | Castle Age |
| 12:07 | Build | Farm |
| 12:14 | Build | Farm |
| 12:34 | Build | House |
| 12:38 | Build | House |
| 12:42 | Queue | Villager (Male) |
| 12:42 | Queue | Villager (Male) |
| 12:43 | Queue | Villager (Male) |
| 12:43 | Queue | Villager (Male) |
| 12:44 | Queue | Villager (Male) |
| 13:14 | Build | House |
| 13:34 | Build | Farm |
| 13:38 | Build | Farm |
| 13:48 | Age | Castle Age |
| 14:01 | Build | Town Center |
| 14:07 | Build | House |
| 15:01 | Queue | Villager (Male) ×5 |
| 15:16 | Build | Town Center |
| 15:33 | Build | Farm |
| 15:43 | Queue | Villager (Male) ×5 |
| 15:43 | Queue | Villager (Male) ×5 |
| 15:43 | Queue | Villager (Male) ×4 |
| 16:02 | Build | Farm |
| 16:13 | Build | Farm |
| 16:24 | Build | Farm |
| 16:37 | Research | Double-Bit Axe |
| 16:42 | Research | Horse Collar |
| 17:00 | Build | Farm |
| 17:12 | Build | Farm |
| 17:28 | Queue | Villager (Male) |
| 17:49 | Build | Town Center |
| 17:51 | Queue | Villager (Male) ×5 |
| 18:00 | Build | Farm |
| 18:05 | Build | Farm |
| 18:15 | Research | Bow Saw |
| 18:28 | Queue | Villager (Male) ×2 |
| 18:44 | Build | Farm |
| 18:46 | Build | Farm |
| 18:49 | Build | Farm |
| 19:03 | Research | Wheelbarrow |
| 19:03 | Research | Wheelbarrow |
| 19:19 | Build | Farm |
| 19:22 | Build | Farm |
| 19:22 | Build | Farm |
| 19:31 | Queue | Villager (Male) ×4 |
| 19:35 | Build | Farm |
| 20:04 | Build | Farm |
| 20:12 | Queue | Villager (Male) |
| 20:12 | Queue | Villager (Male) |
| 20:25 | Build | Town Center |
| 20:29 | Build | Farm |
| 20:34 | Research | Heavy Plow |
| 20:48 | Build | Barracks |
| 20:52 | Build | Barracks |
| 20:53 | Build | Barracks |
| 20:59 | Research | Forging |
| 21:06 | Queue | Villager (Male) ×5 |
| 21:06 | Queue | Villager (Male) ×5 |
| 21:07 | Queue | Villager (Male) ×3 |
| 21:15 | Build | House |
| 21:18 | Build | House |
| 21:19 | Build | House |
| 21:20 | Build | House |
| 21:21 | Build | House |
| 21:23 | Build | House |
| 21:29 | Queue | Villager (Male) |
| 21:29 | Queue | Villager (Male) |
| 21:40 | Build | Farm |
| 21:43 | Build | Farm |
| 21:52 | Research | Pikeman (upgrade) |
| 21:54 | Research | Squires |
| 22:11 | Build | Farm |
| 22:27 | Build | Barracks |
| 22:34 | Research | Arson |
| 22:45 | Build | Farm |
| 22:50 | Queue | Villager (Male) ×5 |
| 22:50 | Queue | Villager (Male) ×5 |
| 22:50 | Queue | Villager (Male) ×5 |
| 22:51 | Queue | Villager (Male) ×2 |
| 23:00 | Build | Farm |
| 23:01 | Build | Farm |
| 23:21 | Build | Outpost |
| 23:31 | Build | Stable |
| 23:35 | Build | Farm |
| 23:37 | Build | Farm |
| 23:48 | Queue | Villager (Male) |
| 23:48 | Queue | Villager (Male) |
| 23:55 | Build | Farm |
| 23:57 | Build | Farm |
| 24:00 | Build | House |
| 24:02 | Build | House |
| 24:10 | Build | Farm |
| 24:16 | Research | Iron Casting |
| 24:17 | Research | Scale Mail Armor |
| 24:25 | Build | Barracks |
| 24:27 | Build | Barracks |
| 24:28 | Build | Barracks |
| 24:31 | Build | Barracks |
| 24:32 | Build | Barracks |
| 24:34 | Build | Barracks |
| 24:39 | Research | Husbandry |
| 24:45 | Build | House |
| 24:46 | Build | House |
| 24:48 | Build | House |
| 24:49 | Build | House |
| 24:50 | Build | House |
| 24:52 | Build | House |
| 25:01 | Build | Castle |
| 25:07 | Queue | Villager (Male) ×5 |
| 25:07 | Queue | Villager (Male) ×5 |
| 25:07 | Queue | Villager (Male) ×5 |
| 25:07 | Queue | Villager (Male) ×5 |
| 25:07 | Queue | Villager (Male) ×5 |
| 25:08 | Queue | Villager (Male) ×4 |
| 25:27 | Queue | Spearman ×5 |
| 25:44 | Build | Farm |
| 25:47 | Build | Farm |
| 26:06 | Build | Farm |
| 26:09 | Build | Farm |
| 26:21 | Queue | Spearman ×5 |
Build order — 一梦千年
First 150 of 376 actions detected
| 0:00 | Queue | Villager (Male) |
| 0:00 | Queue | Villager (Male) |
| 0:10 | Build | Lumber Camp |
| 0:57 | Research | Loom |
| 1:32 | Queue | Villager (Male) |
| 1:32 | Queue | Villager (Male) |
| 1:32 | Queue | Villager (Male) |
| 1:58 | Build | House |
| 2:00 | Build | House |
| 2:05 | Queue | Villager (Male) |
| 2:06 | Queue | Villager (Male) |
| 2:06 | Queue | Villager (Male) |
| 2:07 | Queue | Villager (Male) |
| 2:29 | Build | Mill |
| 3:26 | Queue | Villager (Male) |
| 3:27 | Queue | Villager (Male) |
| 3:27 | Queue | Villager (Male) |
| 3:51 | Build | Palisade Gate |
| 4:00 | Build | Palisade Gate |
| 4:08 | Build | House |
| 4:22 | Queue | Villager (Male) |
| 5:03 | Queue | Villager (Male) |
| 5:04 | Queue | Villager (Male) |
| 5:04 | Queue | Villager (Male) |
| 5:13 | Build | Farm |
| 6:30 | Research | Feudal Age |
| 7:30 | Build | Farm |
| 8:28 | Queue | Villager (Male) |
| 8:28 | Queue | Villager (Male) |
| 8:42 | Age | Feudal Age |
| 9:08 | Build | Market |
| 9:15 | Build | Blacksmith |
| 10:28 | Research | Castle Age |
| 10:39 | Build | Mining Camp |
| 11:29 | Research | Double-Bit Axe |
| 11:53 | Build | House |
| 11:55 | Build | House |
| 12:19 | Research | Horse Collar |
| 12:34 | Build | Farm |
| 12:44 | Build | House |
| 12:46 | Build | House |
| 12:49 | Queue | Villager (Male) |
| 12:49 | Queue | Villager (Male) |
| 12:49 | Queue | Villager (Male) |
| 13:08 | Age | Castle Age |
| 13:23 | Build | Town Center |
| 13:31 | Build | Town Center |
| 13:53 | Build | Farm |
| 13:56 | Build | Farm |
| 14:19 | Queue | Villager (Male) |
| 14:19 | Queue | Villager (Male) |
| 14:19 | Queue | Villager (Male) |
| 14:19 | Queue | Villager (Male) |
| 14:24 | Build | House |
| 14:35 | Build | Farm |
| 15:04 | Build | Farm |
| 15:18 | Build | Farm |
| 15:21 | Queue | Villager (Male) |
| 15:21 | Queue | Villager (Male) |
| 15:22 | Queue | Villager (Male) |
| 15:25 | Build | Farm |
| 15:27 | Build | Farm |
| 15:36 | Queue | Villager (Male) |
| 15:37 | Queue | Villager (Male) |
| 15:53 | Build | Farm |
| 15:56 | Queue | Villager (Male) |
| 16:00 | Build | Farm |
| 16:06 | Queue | Villager (Male) |
| 16:14 | Build | Farm |
| 16:17 | Build | Farm |
| 16:39 | Queue | Villager (Male) |
| 16:39 | Queue | Villager (Male) |
| 16:42 | Build | Farm |
| 16:51 | Queue | Villager (Male) |
| 16:57 | Queue | Villager (Male) |
| 17:11 | Build | Town Center |
| 17:12 | Queue | Villager (Male) |
| 17:13 | Queue | Villager (Male) |
| 17:13 | Queue | Villager (Male) |
| 17:21 | Build | Farm |
| 17:24 | Queue | Villager (Male) |
| 17:38 | Build | House |
| 17:44 | Build | House |
| 17:45 | Build | House |
| 17:45 | Build | House |
| 17:49 | Build | Farm |
| 17:50 | Queue | Villager (Male) |
| 17:50 | Queue | Villager (Male) |
| 17:51 | Queue | Villager (Male) |
| 18:01 | Queue | Villager (Male) |
| 18:06 | Queue | Villager (Male) |
| 18:22 | Build | Farm |
| 18:33 | Research | Heavy Plow |
| 18:45 | Build | Town Center |
| 18:54 | Queue | Villager (Male) |
| 18:58 | Build | Farm |
| 18:59 | Queue | Villager (Male) |
| 18:59 | Queue | Villager (Male) |
| 19:03 | Build | Farm |
| 19:11 | Queue | Villager (Male) |
| 19:11 | Queue | Villager (Male) |
| 19:20 | Build | Farm |
| 19:26 | Build | Farm |
| 19:32 | Queue | Villager (Male) |
| 19:32 | Queue | Villager (Male) |
| 19:36 | Build | Farm |
| 19:37 | Queue | Villager (Male) |
| 19:41 | Build | Farm |
| 19:45 | Build | House |
| 19:46 | Build | House |
| 19:48 | Queue | Villager (Male) |
| 19:56 | Queue | Villager (Male) |
| 20:02 | Queue | Villager (Male) |
| 20:02 | Queue | Villager (Male) |
| 20:06 | Build | Farm |
| 20:15 | Build | Farm |
| 20:18 | Queue | Villager (Male) |
| 20:18 | Queue | Villager (Male) |
| 20:21 | Build | Farm |
| 20:23 | Queue | Villager (Male) |
| 20:27 | Build | Farm |
| 20:31 | Build | Farm |
| 20:36 | Build | Farm |
| 20:37 | Queue | Villager (Male) |
| 20:38 | Queue | Villager (Male) |
| 20:38 | Queue | Villager (Male) |
| 20:43 | Build | Farm |
| 20:45 | Build | Farm |
| 20:48 | Build | Farm |
| 20:54 | Build | Farm |
| 20:57 | Build | Farm |
| 20:58 | Queue | Villager (Male) |
| 20:58 | Queue | Villager (Male) |
| 20:58 | Queue | Villager (Male) |
| 21:06 | Build | House |
| 21:08 | Build | House |
| 21:11 | Queue | Villager (Male) |
| 21:11 | Queue | Villager (Male) |
| 21:11 | Queue | Villager (Male) |
| 21:15 | Build | Farm |
| 21:19 | Build | Farm |
| 21:22 | Build | Farm |
| 21:25 | Build | Farm |
| 21:28 | Queue | Villager (Male) |
| 21:28 | Queue | Villager (Male) |
| 21:28 | Queue | Villager (Male) |
| 21:31 | Build | Farm |
| 21:41 | Research | Wheelbarrow |
| 21:42 | Queue | Villager (Male) |
| 21:42 | Queue | Villager (Male) |
Match timeline
| 0:47 | _LY_抖音肥龙 · wall_segment Palisade Wall x1 |
| 0:51 | _LY_抖音肥龙 · wall_segment Palisade Wall x1 |
| 1:03 | _LY_抖音肥龙 · wall_segment Palisade Wall x1 |
| 4:01 | 差不多先生 · wall_segment Palisade Wall x1 |
| 5:56 | 小伍 · first_building Barracks |
| 6:17 | 0'AI · age_up feudal |
| 6:30 | 快乐的菜鸟 · wall_segment Palisade Wall x1 |
| 6:30 | 快乐的菜鸟 · wall_segment Palisade Wall x1 |
| 7:05 | 小伍 · age_up feudal |
| 7:36 | _LY_抖音肥龙 · age_up feudal |
| 8:28 | 差不多先生 · age_up feudal |
| 8:34 | 快乐的菜鸟 · age_up feudal |
| 8:42 | 一梦千年 · age_up feudal |
| 8:52 | black empire lao lei · age_up feudal |
| 8:54 | China`s liu · age_up feudal |
| 9:45 | 0'AI · first_market_sell 100 wood |
| 11:06 | _LY_抖音肥龙 · age_up castle |
| 12:04 | 快乐的菜鸟 · age_up castle |
| 12:15 | 差不多先生 · age_up castle |
| 12:22 | black empire lao lei · age_up castle |
| 12:28 | 0'AI · age_up castle |
| 12:29 | 快乐的菜鸟 · first_building Monastery |
| 12:30 | 差不多先生 · first_building Monastery |
| 12:45 | 小伍 · first_building Stable |
| 13:08 | 一梦千年 · age_up castle |
| 13:20 | 小伍 · age_up castle |
| 13:48 | China`s liu · age_up castle |
| 15:25 | 小伍 · first_building Monastery |
| 16:11 | 0'AI · first_building Monastery |
| 16:25 | _LY_抖音肥龙 · first_building Monastery |
| 16:42 | 快乐的菜鸟 · first_market_buy 100 food |
| 16:56 | 一梦千年 · first_market_buy 100 food |
| 17:20 | 差不多先生 · first_market_sell 100 wood |
| 17:25 | 差不多先生 · first_market_buy 100 stone |
| 17:31 | black empire lao lei · first_building Monastery |
| 18:29 | 差不多先生 · first_building Barracks |
| 19:48 | _LY_抖音肥龙 · first_market_buy 100 stone |
| 20:42 | black empire lao lei · first_building Barracks |
| 20:48 | China`s liu · first_building Barracks |
| 20:51 | 快乐的菜鸟 · first_building Castle |
| 21:33 | black empire lao lei · first_building Stable |
| 22:23 | _LY_抖音肥龙 · first_market_sell 100 wood |
| 22:54 | 快乐的菜鸟 · first_building Siege Workshop |
| 22:55 | black empire lao lei · first_building Castle |
| 23:31 | China`s liu · first_building Stable |
| 23:54 | _LY_抖音肥龙 · first_building Castle |
| 24:04 | 一梦千年 · first_building Castle |
| 24:16 | 一梦千年 · first_building Barracks |
| 24:21 | black empire lao lei · age_up imperial |
| 24:37 | 快乐的菜鸟 · first_market_sell 100 food |
| 24:49 | 0'AI · first_building Barracks |
| 25:01 | China`s liu · first_building Castle |
| 25:05 | 一梦千年 · first_building Archery Range |
| 25:14 | _LY_抖音肥龙 · first_building Siege Workshop |
| 25:16 | 一梦千年 · first_market_sell 500 food |
| 25:43 | 差不多先生 · first_building Archery Range |
| 25:43 | _LY_抖音肥龙 · age_up imperial |
| 26:09 | 快乐的菜鸟 · age_up imperial |
| 26:32 | black empire lao lei · first_market_buy 100 food |
| 26:59 | 0'AI · age_up imperial |
| 27:01 | 0'AI · first_building Stable |
| 27:26 | _LY_抖音肥龙 · first_building Barracks |
| 27:36 | 0'AI · first_market_buy 100 stone |
| 27:43 | 0'AI · first_building Castle |
| 27:45 | 差不多先生 · first_building Castle |
| 27:47 | 小伍 · age_up imperial |
| 28:33 | 差不多先生 · age_up imperial |
| 28:53 | _LY_抖音肥龙 · wall_segment Stone Wall x6 |
| 28:55 | _LY_抖音肥龙 · wall_segment Stone Wall x4 |
| 28:58 | _LY_抖音肥龙 · wall_segment Stone Wall x3 |
| 29:19 | 0'AI · first_building Siege Workshop |
| 29:20 | 一梦千年 · first_building Stable |
| 29:56 | 一梦千年 · age_up imperial |
| 30:25 | 快乐的菜鸟 · first_building Barracks |
| 30:32 | 小伍 · first_market_sell 500 wood |
| 31:16 | 快乐的菜鸟 · first_building Stable |
| 32:09 | 小伍 · first_building Castle |
| 32:12 | _LY_抖音肥龙 · first_building Stable |
| 32:46 | 差不多先生 · first_building Siege Workshop |
| 34:34 | 差不多先生 · first_building Stable |
| 37:47 | 快乐的菜鸟 · tribute_sent a jugador 1 |
| 37:47 | 快乐的菜鸟 · tribute_sent a jugador 2 |
| 37:47 | 快乐的菜鸟 · tribute_sent a jugador 4 |
| 37:47 | 快乐的菜鸟 · tribute_sent a jugador 5 |
| 37:47 | 快乐的菜鸟 · tribute_sent a jugador 6 |
| 37:47 | 快乐的菜鸟 · tribute_sent a jugador 7 |
| 37:47 | 快乐的菜鸟 · tribute_sent a jugador 8 |
| 40:21 | 一梦千年 · wall_segment Stone Wall x6 |
| 40:37 | black empire lao lei · first_building Archery Range |
| 42:09 | 一梦千年 · first_building Siege Workshop |
| 44:04 | _LY_抖音肥龙 · resign |
[ AI ANALYSIS · 1 CREDIT ]
What really happened in this match?
Wolo.gg analyzes every decision: build order, eco, micro, common mistakes by bracket. Personalized analysis on WhatsApp or Discord in 30 seconds.
Civ guide
Romans
Perfil
Jugador #19671087